FIQ, neutral male gnomish Wizard ----- --...| ---- --....---.^| |%.......).-- ---- |.)..)......-- |..--- --- ------.......| ----....| --.---- ---)--....|--.......-----.....| |...|--...||..........||......| ---.--- |...||-.........--....-.| ..| |...| ---.||.....)...........-- -^--- ---.--- |...---....|..........^| II..| |.%.| --..).......|-.........-- --.----.--- |....------------......| |...)..| --...--- --- --..---- ----..-- --....| ---.------------ |..|...-- ---..---....[.......%.-- |-......| |...........-..---%.<| |.......| --..--.........| ----- --.--.--- ------------.-- ------ --- FIQ the Conjurer Experience level: 4 Strength: 7 Dexterity: 15 Constitution: 17 Intelligence: 15 Wisdom: 7 Charisma: 13 Health: 0(34) Energy: 33(33) Def: 2 Gold: 143 Moves: 1139 Dungeon seed: RAsjmXjeBconliYP Game ID: FIQ_1464726534 Your Inventory: Coins $ - 143 gold pieces Weapons a - a blessed +1 quarterstaff (weapon in hands) Armor e - a blessed +1 cloak of magic resistance (being worn) Comestibles r - 2 uncursed tripe rations Scrolls i - a blessed scroll of light j - an uncursed scroll of food detection s - an uncursed scroll of teleportation Spellbooks l - a blessed spellbook of force bolt m - an uncursed spellbook of knock Potions f - an uncursed potion of sickness g - a blessed potion of speed h - an uncursed potion of blindness Rings c - an uncursed ring of conflict d - an uncursed ring of slow digestion (on left hand) q - an uncursed ring of polymorph control Wands b - a wand of sleep (0:6) Tools k - an uncursed lock pick Spells and supernatural/magical abilities: Name Level Category Fail Memory a - force bolt 1 attack 0% 95% k - knock 1 matter 0% 95% W - pray for help -- divine ? -- Your skills at the end: Fighting Skills wands [Basic] Weapon Skills quarterstaff [Basic] Spellcasting Skills attack spells [Basic] enchantment spells [Basic] Final Attributes: You were devoutly aligned. You were magic-protected. You were blinded. You had infravision. You had slower digestion. You are dead. Vanquished creatures: a kitten 2 dwarf zombies a wererat an iguana 4 hobbits a hobgoblin a gnome 5 garter snakes 4 jackals a fox 4 goblins 4 sewer rats 2 lichens 2 newts 33 creatures vanquished. Voluntary challenges: You used a wielded weapon 26 times, starting on turn 43. You read items or engraved 1 time, starting on turn 238. You never genocided any monsters. You never polymorphed an object. You never changed form. You used no wishes. You never split a pudding. You never wrote Elbereth's name. You violated your moral code, losing 10 points of alignment, starting on turn 1073. Dungeon overview: The Dungeons of Doom: levels 1 to 4 Level 1 a long staircase Level 2 a fountain, a sink Level 3 a fountain Level 4 a fountain stairs to The Gnomish Mines The Gnomish Mines: Level 5 <- You were here stairs to The Dungeons of Doom History has recorded: On T:1 you entered the Dungeons of Doom to retrieve the Amulet of Yendor! On T:90 you reached level 2 of The Dungeons of Doom. On T:303 you advanced to experience level 2. On T:540 you reached level 3 of The Dungeons of Doom. On T:696 you reached level 4 of The Dungeons of Doom. On T:753 you reached level 1 of The Gnomish Mines. On T:851 you advanced to experience level 3. On T:1043 you advanced to experience level 4. Score breakdown: Gold: 143 ( 7342 points) Experience: 4 levels ( 9649 points) Exploration: 5 levels ( 10.20%) ( 8660 points) Discoveries: 1 item ( 0.34%) ( 1761 points) Valuables value: (no points given unless you survive) Artifact value: 0 ( 0 points) Variety of kills: 14 monsters ( 3.66%) ( 5735 points) Turncount: 1139 turns ( 0 points) Survival: died (score multiplied by 80%) Total score: 26517 Latest messages: You are hit by an arrow. You stop exploring. The garter snake bites! You stop exploring. You kill the garter snake! The giant bat bites! (2x) You miss the giant bat. The giant bat bites! (2x) You begin praying to Thoth. You are surrounded by a shimmering light. The giant bat starts to attack you, but pulls back. (2x) You feel that Thoth is well-pleased. You feel much better. The force bolt misses the giant bat. You stop exploring. The giant bat bites! (2x) A cloud of gas puts you to sleep! It bites! (7x) You die... Final status: Goodbye FIQ the Wizard, killed by a giant bat, while sleeping... You died in The Gnomish Mines on dungeon level 5 with 26517 points, and 143 pieces of gold, after 1139 moves. You were level 4 with a maximum of 34 hit points when you died.